 Dungeon Crawl Stone Soup version 0.30-a0-591-g3c58d2bc28 (webtiles) character file.

Game seed: 95428998693481538

8100 SeventhVestige the Slicer (level 11, -5/103 HPs)
             Began as a Grey Draconian Berserker on Jan 5, 2023.
             Was a High Priest of Trog.
             Slain by a troll (8 damage)
             ... on level 10 of the Dungeon.
             The game lasted 00:15:37 (8503 turns).

SeventhVestige the Slicer (DrBe)                    Turns: 8503, Time: 00:15:37

Health: -5/103     AC: 17    Str: 22    XL:     11   Next: 5%
Magic:  0/20       EV: 16    Int: 11    God:    Trog [*****.]
Gold:   534        SH:  0    Dex: 16    Spells: 10/10 levels left

rFire   . . .      SeeInvis +    r - +10 bardiche "Glorpo" {holy, rPois rN+ Int+3}
rCold   + . .      Faith    .    (shield currently unavailable)
rNeg    + . .      Spirit   +    (body armour unavailable)
rPois   +          Reflect  .    b - +2 hat
rElec   .          Harm     .    (no cloak)
rCorr   +          Rampage  .    C - +2 pair of gloves
Will    ++...                    (no boots)
Stlth   +++                      B - amulet of guardian spirit
HPRegen 1.37/turn                o - ring of protection from cold
MPRegen 0.17/turn                i - ring of Equilibrium {rCorr MP+9 Dex+4 SInv}

@: strong-willed, on berserk cooldown, regenerating, slowed, very slow
A: AC +12, amphibious, unfitting armour, cold-blooded, sense surroundings 1,
robust 1, MP-powered wands
a: Renounce Religion, Berserk, Trog's Hand, Brothers in Arms


You were on level 10 of the Dungeon.
You worshipped Trog.
Trog was extremely pleased with you.
You visited 2 branches of the dungeon, and saw 11 of its levels.

You collected 534 gold pieces.

Inventory:

Hand Weapons
 a - a +1 falchion
 c - the +10 short sword of Ashenzari, Dancing {drain, Int+5}
   (You found it on level 2 of the Dungeon)

   Int:       It affects your intelligence (+5).
 e - a +2 hand axe of protection
 r - the +10 bardiche "Glorpo" (weapon) {holy, rPois rN+ Int+3}
   (You acquired it on level 8 of the Dungeon)

   Int:       It affects your intelligence (+3).
   rPois:     It protects you from poison.
   rN:        It protects you from negative energy.
Armour
 b - a +2 hat (worn)
 C - a +2 pair of gloves (worn)
Jewellery
 d - an amulet of magic regeneration
 i - the ring of Equilibrium (right hand) {rCorr MP+9 Dex+4 SInv}
   (You found it on level 5 of the Dungeon)

   [ring of see invisible]

   Dex:       It affects your dexterity (+4).
   MP:        It affects your magic capacity (+9).
   SInv:      It lets you see invisible.
   rCorr:     It protects you from acid and corrosion.
 o - a ring of protection from cold (left hand)
 s - an amulet of regeneration
 B - an amulet of guardian spirit (around neck)
Wands
 f - a wand of light (11)
 x - a wand of charming (4)
Scrolls
 h - 4 scrolls of amnesia
 j - 4 scrolls of magic mapping
 k - 2 scrolls of brand weapon
 m - 2 scrolls of silence
 t - 2 scrolls of teleportation
 u - a scroll of fear
 w - 2 scrolls of immolation
 y - a scroll of identify
 A - 2 scrolls of enchant weapon
 D - a scroll of enchant armour
Potions
 g - a potion of attraction
 l - a potion of magic
 n - a potion of flight
 p - 4 potions of curing
 q - a potion of brilliance
 v - 2 potions of ambrosia
 z - a potion of resistance


   Skills:
 + Level 8.2 Fighting
 + Level 9.2(9.5) Short Blades
 + Level 3.6(6.9) Long Blades
 + Level 3.4(5.2) Axes
 + Level 6.1(6.5) Polearms
 + Level 8.5 Dodging
 + Level 5.1 Stealth
 + Level 0.7 Evocations


You had 10 spell levels left.
You didn't know any spells.
Your spell library contained the following spells:

 Spells                   Type           Power      Damage    Failure   Level
 Cigotuvi's Dreadful Rot  Necr/Pois/Air  0%         N/A       47%         2
 Poisonous Vapours        Pois/Air       0%         N/A       47%         2
 Mephitic Cloud           Conj/Pois/Air  0%         N/A       71%         3
 Summon Guardian Golem    Hex/Summ       0%         N/A       71%         3
 Orb of Destruction       Conj           0%         9d5       100%        7
 Spellforged Servitor     Conj/Summ      0%         N/A       100%        7


Dungeon Overview and Level Annotations

Branches:
Dungeon (10/15)            Temple (1/1) D:7
   Lair: D:8-11         Orc: D:9-12

Altars:
Dithmenos
Hepliaklqana
Makhleb
Nemelex Xobeh
Qazlal
Ru
Trog
Wu Jian
Xom
The Shining One

Shops:
D:5 ([((


Innate Abilities, Weirdness & Mutations

Your dull iron-grey scales are very hard. (AC +12)
You are amphibious.
You cannot fit into any form of body armour.
You are cold-blooded and may be slowed by cold attacks.
You passively map a small area around you.
You are robust. (+10% HP)
You expend magic power (3 MP) to strengthen your wands.


Message History

The yak is heavily wounded.
The troll bites you!
* * * LOW HITPOINT WARNING * * *
The troll completely misses you. The troll barely misses you.
The yak gores you!
* * * LOW HITPOINT WARNING * * *
A yak comes into view.
The wraith misses you. The orc warrior closely misses you. The yak gores you!
* * * LOW HITPOINT WARNING * * *
The troll closely misses you. The troll claws you but does no damage.
The troll misses you. The wraith misses you.
You slash the yak!
The yak is almost dead.
An orc priest comes into view. It is wielding a +0 flail.
The orc warrior hits you but does no damage.
The wraith hits you but does no damage.
A yak comes into view.
The troll bites you but does no damage. The troll completely misses you.
The troll misses you. The yak barely misses you.
The orc warrior completely misses you.
You slice the yak!!
You kill the yak!
Trog accepts your kill. The troll bites you but does no damage.
The troll claws you.
* * * LOW HITPOINT WARNING * * *
The troll closely misses you. The wraith hits you but does no damage.
The orc warrior hits you but does no damage.
The troll closely misses you. The troll claws you but does no damage.
The troll claws you!
* * * LOW HITPOINT WARNING * * *
The orc hits you but does no damage. The wraith hits you but does no damage.
The orc wizard closely misses you.
You are too berserk!
The wraith attacks as you move away! The wraith misses you.
You are no longer berserk.
You are exhausted.
You feel as though you will be slow longer.
The orc barely misses you. The troll barely misses you. x2
The troll claws you!
You die...

, ~............#
.............# , ,
..~~.........# *
~~..~........#, ,
....S........# ,
,.⌠~~.........# ,
~~⌠Y.Y.......# * , ,
...ooo.To....# ,
..~~.o~o@....# , , ,
~~....oW.....# , , , ,,
....~~.......# ,,
...~~........#, , , *
~~~~~###..:..#######..
*~~~~###...............
*#### .................
* , , ............#+#+#
* ............#...#


You could see 2 yaks, a troll, a wraith, an orc warrior, an electric eel, 2 orc
priests, 2 orc wizards and 2 orcs.

Vanquished Creatures
  3 two-headed ogres
  An orc knight (D:10)
  A rust devil (D:10)
  A kobold demonologist (D:6)
  A troll (D:10)
  Grinder (D:5)
  2 shadows
  A yak (D:10)
  A vampire (D:10)
  3 wyverns
  Eustachio (D:5)
  A steam dragon (D:8)
  A vampire mosquito (D:10)
  Menkaure (D:5)
  4 water moccasins
  4 orc warriors
  A black bear (D:6)
  An ice beast (D:7)
  A phantom (D:6)
  3 centaurs
  3 kobold brigands
  2 gnoll sergeants
  3 bullfrogs
  A necrophage (D:6)
  2 scorpions
  3 wights
  4 killer bees (D:8)
  3 howler monkeys
  5 hounds
  2 orc priests (D:6)
  6 iguanas
  Terence (D:3)
  Natasha (thrice) (D:3)
  5 orc wizards
  17 gnolls
  4 adders
  2 shadow imps (D:7)
  3 white imps
  2 ufetubi
  A worm (D:2)
  3 dart slugs
  23 orcs
  4 ball pythons
  7 bats
  4 endoplasms
  4 giant cockroaches
  5 goblins
  7 hobgoblins
  2 jackals (D:3)
  25 kobolds
  6 quokkas
  2 frilled lizards
  7 rats
204 creatures vanquished.

Vanquished Creatures (others)
  11 demonic plants (D:10)
11 creatures vanquished.

Grand Total: 215 creatures vanquished

Notes
Turn   | Place    | Note
-------+----------+-------------------------------------------
     0 | D:1      | SeventhVestige the Draconian Berserker began the quest for
                  | the Orb.
     0 | D:1      | Reached XP level 1. HP: 19/19 MP: 1/1
   166 | D:1      | Reached XP level 2. HP: 17/26 MP: 2/2
   588 | D:1      | Reached XP level 3. HP: 33/33 MP: 3/3
   591 | D:1      | Reached ** piety under Trog
  1127 | D:2      | Reached skill level 1 in Axes
  1490 | D:2      | Reached XP level 4. HP: 38/40 MP: 4/4
  1490 | D:2      | Gained mutation: You passively map a small area around you.
                  | [potion of mutation]
  1490 | D:2      | Gained mutation: You expend magic power (3 MP) to
                  | strengthen your wands. [potion of mutation]
  1490 | D:2      | Gained mutation: You are robust. (+10% HP) [potion of
                  | mutation]
  1681 | D:2      | Identified the +10 short sword of Ashenzari, Dancing
                  | {drain, Int+5}
  1998 | D:3      | Reached skill level 1 in Stealth
  1998 | D:3      | Reached XP level 5. HP: 40/50 MP: 5/5
  2080 | D:3      | Noticed Terence
  2088 | D:3      | Killed Terence
  2426 | D:3      | Noticed Natasha
  2432 | D:3      | Killed Natasha
  2433 | D:3      | Reached skill level 1 in Short Blades
  2572 | D:3      | Noticed Natasha
  2587 | D:3      | Killed Natasha
  2666 | D:3      | Noticed Natasha
  2679 | D:3      | Killed Natasha
  2680 | D:3      | Reached skill level 2 in Short Blades
  2754 | D:4      | Reached XP level 6. HP: 17/57 MP: 6/6
  2846 | D:4      | Found a sacrificial altar of Ru.
  3732 | D:5      | Entered Level 5 of the Dungeon
  3732 | D:5      | Noticed Eustachio
  3732 | D:5      | Found Haviuqyu's Weapon Shop.
  3767 | D:5      | Killed Eustachio
  3886 | D:5      | Found Luluifo's Weapon Boutique.
  3897 | D:5      | Found Iwkupyuh's Armour Emporium.
  3900 | D:5      | Reached skill level 3 in Short Blades
  3900 | D:5      | Your scales start taking on a dull iron-grey colour.
  3900 | D:5      | Reached XP level 7. HP: 66/66 MP: 7/7
  3903 | D:5      | Noticed Grinder
  3905 | D:5      | Reached *** piety under Trog
  3929 | D:5      | Paralysed by Grinder for 5 turns
  3949 | D:5      | Killed Grinder
  4038 | D:5      | Reached skill level 5 in Fighting
  4142 | D:5      | Found a burning altar of Makhleb.
  4144 | D:5      | Noticed Menkaure
  4153 | D:5      | Killed Menkaure
  4154 | D:5      | Reached skill level 4 in Short Blades
  4195 | D:5      | Found a shadowy altar of Dithmenos.
  4219 | D:5      | Identified the ring of Equilibrium {rCorr MP+9 Dex+4 SInv}
  4403 | D:5      | Reached skill level 5 in Dodging
  4403 | D:5      | Reached XP level 8. HP: 58/74 MP: 8/8
  4485 | D:5      | Found a hazy altar of Hepliaklqana.
  4733 | D:5      | Found Riubuch's Weapon Shop.
  4893 | D:6      | Reached skill level 5 in Short Blades
  5099 | D:6      | Noticed a kobold demonologist
  5125 | D:6      | Killed a kobold demonologist
  5126 | D:6      | Reached skill level 6 in Short Blades
  5133 | D:6      | Reached XP level 9. HP: 47/82 MP: 9/9
  5250 | D:6      | Reached **** piety under Trog
  5448 | D:6      | Reached skill level 7 in Short Blades
  5905 | D:7      | Found a staircase to the Ecumenical Temple.
  5917 | Temple   | Entered the Ecumenical Temple
  6376 | D:7      | Reached skill level 8 in Short Blades
  6509 | D:8      | Noticed a two-headed ogre
  6524 | D:8      | Killed a two-headed ogre
  6819 | D:8      | Reached XP level 10. HP: 89/92 MP: 10/10
  6899 | D:8      | Reached skill level 9 in Short Blades
  6932 | D:8      | Identified a scroll of acquirement
  6932 | D:8      | Acquired the +10 bardiche "Glorpo" {holy, rPois rN+ Int+3}
  7503 | D:9      | Reached skill level 5 in Stealth
  7532 | D:9      | Reached skill level 1 in Polearms
  7565 | D:9      | Found a stormy altar of Qazlal.
  7600 | D:9      | Noticed a two-headed ogre
  7601 | D:9      | Reached ***** piety under Trog
  7606 | D:9      | Killed a two-headed ogre
  7848 | D:9      | Found an ornate altar of the Wu Jian Council.
  7998 | D:10     | Entered Level 10 of the Dungeon
  8033 | D:10     | Noticed a two-headed ogre
  8033 | D:10     | Noticed an orc knight
  8054 | D:10     | Killed an orc knight
  8056 | D:10     | Killed a two-headed ogre
  8057 | D:10     | Reached skill level 5 in Polearms
  8484 | D:10     | Noticed a rust devil
  8495 | D:10     | Killed a rust devil
  8496 | D:10     | Reached XP level 11. HP: 54/103 MP: 7/11
  8502 | D:10     | HP: 2/154 [troll (8)]
  8503 | D:10     | Slain by a troll

Illustrated notes

Levels and vault maps discovered:
D:1:      lightli_arrival_statuegarden, layout_basic
D:2:      layout_basic, minmay_tripent
D:3:      layout_basic, uniq_terence, uniq_natasha
D:4:      layout_cave_pools, lemuel_tele_altar, serial_co_window_serial,
          co_window_paths_a, co_window_paths_a, co_window_corner_a,
          co_window_corner_a, co_window_corner_a, co_window_corner_b,
          co_window_unsneaky_path_e, co_window_corner_b, co_window_broadway_c,
          co_window_cross_4, co_window_corner_b, co_window_of_opportunity_b,
          glass_columns_a, glass_columns_a
D:5:      layout_loops_cross, nicolae_overflow_crystal_walls,
          mainiacjoe_overflow_paths, mainiacjoe_overflow_alcove_1, serial_shops,
          shop, shop, nicolae_shop_bloodbath_and_beyond, kennysheep_little_box,
          enter_ossuary_2, uniq_menkaure, uniq_grinder, uniq_eustachio
D:6:      layout_basic, dreamdust_princess_bridge, grunt_potential
D:7:      layout_loops_cross, minmay_temple_entry_glassed_door
D:8:      layout_basic, serial_co_window_serial, co_window_paths_a,
          co_window_corner_a, co_window_corner_a, co_window_paths_a,
          co_window_paths_a, co_window_paths_b, co_window_paths_a,
          co_window_broadway_c, co_window_broadway_b, co_window_broadway_c,
          glass_columns_b, glass_columns_a, glass_columns_c
D:9:      layout_cross, pdpol_wu_jian_five_deadly_venoms,
          mainiacjoe_overflow_small_starburst
D:10:     cheibrodos_helix_gallery, layout_irregular_city,
          nicolae_ashenzari_skybound, slow_altar_1, serial_demonic,
          serial_demonic_b, serial_demonic_b, serial_demonic_b,
          serial_demonic_d, serial_demonic_e, serial_demonic_b,
          serial_demonic_f, serial_demonic_e, minivault_25_ag,
          kennysheep_opposing_triangles, uniq_josephine
Temple:   nicolae_temple_superstar

Skill      XL: |  1  2  3  4  5  6  7  8  9 10 11 |
---------------+----------------------------------+-----
Dodging        | 3 4 5 6 7 8 |  8.5
Axes           | 1 2 3 |  3.4
Fighting       | 4 5 6 8 |  8.2
Stealth        | 1 2 3 4 5 |  5.1
Short Blades   | 2 3 4 6 8 9 |  9.2
Polearms       | 5 6 |  6.1
Long Blades    | |  3.6
Evocations     | |  0.7

Action                   |  1- 3 |  4- 6 |  7- 9 | 10-12 || total
-------------------------+-------+-------+-------+-------++-------
Melee: Falchion          |    46 |       |       |       ||    46
       Tailslap          |    11 |    11 |    28 |    12 ||    62
       Hand axe          |    67 |       |       |       ||    67
       Short sword       |       |    95 |   246 |    31 ||   372
       Punch             |       |       |     2 |       ||     2
       Bardiche          |       |       |       |    88 ||    88
Invok: Berserk           |       |       |     1 |     1 ||     2
       Trog's Hand       |       |       |       |     1 ||     1
Evoke: Wand              |       |     1 |     1 |       ||     2
  Use: Scroll            |     7 |     5 |     2 |     6 ||    20
       Potion            |       |     5 |     1 |     1 ||     7
 Stab: Sleeping          |     1 |     2 |     3 |     1 ||     7
Armor: Skin              |    60 |    39 |    66 |   124 ||   289
Dodge: Dodged            |    93 |    81 |   151 |   284 ||   609

Table legend: (Time is in decaauts)
 A = Elapsed time spent in this place.
 B = Non-inter-level travel time spent in this place.
 C = Inter-level travel time spent in this place.
 D = Time resting spent in this place.
 E = Time spent auto-exploring this place.
 F = Levels seen in this place.
 G = Mean time per level.
                   A        B        C        D        E       F      G
               +--------+--------+--------+--------+--------+-----+--------+
         Total |   8523 |   8303 |    220 |   1012 |   5728 |  11 |  774.8 |
       Dungeon |   8504 |   8284 |    220 |   1012 |   5728 |  10 |  850.4 |
        Temple |     19 |     19 |      0 |      0 |      0 |   1 |   19.0 |
               +--------+--------+--------+--------+--------+-----+--------+

Top non-repeatable levels by time:
     D:5: 1095 daAuts
     D:1: 1036 daAuts
     D:4: 1031 daAuts
     D:6: 1019 daAuts
     D:8: 987 daAuts
     D:3: 961 daAuts
     D:2: 744 daAuts
     D:7: 574 daAuts
    D:10: 535 daAuts
     D:9: 519 daAuts
  Temple: 19 daAuts
